 Dungeon Crawl Stone Soup version 0.27-a0-681-g0c81a3c1c3 (webtiles) character file.

Game seed: 446193498508156842

138 tilp the Sneak (level 5, -5/37 HPs)
             Began as an Octopode Transmuter on Mar 19, 2021.
             Killed from afar by an orc wizard (9 damage)
             ... with a magic dart
             ... on level 2 of the Dungeon.
             The game lasted 00:04:49 (2804 turns).

tilp the Sneak (Octopode Transmuter)                Turns: 2804, Time: 00:04:49

Health: -5/37      AC:  1    Str:  9    XL:     5   Next: 21%
Magic:  0/8        EV: 13    Int: 17    God:
Gold:   104        SH:  0    Dex: 18    Spells: 5/8 levels left

rFire    . . .     SeeInvis .     - Unarmed
rCold    . . .     Faith    .   (no shield)
rNeg     . . .     Spirit   +   (helmet currently unavailable)
rPois    .         Reflect  .   f - amulet of guardian spirit
rElec    .         Harm     .   d - +6 ring of dexterity
rCorr    .         Rampage  .   (no ring)
Will     .....                  (no ring)
Stlth    ++++......             (no ring)
HPRegen  0.12/turn              (no ring)
MPRegen  0.11/turn              (no ring)
                                (no ring)
                                (no ring)

@: appendages
A: tentacle spike 3, almost no armour, amphibious, 8 rings, camouflage 1,
gelatinous body 1, nimble swimmer 1, tentacles
a: End Transformation


You were on level 2 of the Dungeon.
One of your tentacles had grown a beastly spike.
You visited 1 branch of the dungeon, and saw 2 of its levels.

You collected 104 gold pieces.

Inventory:

Missiles
 b - 46 stones
 c - 8 boomerangs (quivered)
 h - 14 poisoned darts
Jewellery
 d - a +6 ring of dexterity (left tentacle)
 f - an amulet of guardian spirit (around mantle)
 g - a +4 ring of slaying
Scrolls
 a - 3 scrolls of identify
 i - a scroll of magic mapping {unknown}
 j - a scroll of immolation {unknown}
Potions
 e - a potion of magic {unknown}


   Skills:
 + Level 3.9 Fighting
 - Level 2.0 Dodging
 - Level 4.0 Stealth
 - Level 3.0 Unarmed Combat
 - Level 2.0 Spellcasting
 - Level 2.0 Transmutations


You had 5 spell levels left.
You knew the following spells:

 Your Spells              Type           Power      Damage    Failure   Level
a - Beastly Appendage     Tmut           16%        N/A       9%          1
b - Wereblood             Tmut           8%         N/A       13%         2

Your spell library contained the following spells:

 Spells                   Type           Power      Damage    Failure   Level
 Magic Dart               Conj           4%         1d3       19%         1
 Blink                    Tloc           N/A        N/A       28%         2
 Call Imp                 Summ           1%         N/A       28%         2
 Slow                     Hex            1%         N/A       28%         2
 Spider Form              Tmut/Pois      2%         N/A       36%         3
 Conjure Flame            Conj/Fire      1%         6-21      50%         3
 Mephitic Cloud           Conj/Pois/Air  1%         N/A       50%         3
 Ice Form                 Ice/Tmut       5%         N/A       77%         4
 Blade Hands              Tmut           4%         N/A       93%         5


Dungeon Overview and Level Annotations

Branches:
Dungeon (2/15)

Altars:


Innate Abilities, Weirdness & Mutations

One of your tentacles has grown a beastly spike.
You cannot wear most types of armour.
You are amphibious.
You can wear up to eight rings at the same time.
Your skin changes colour to match your surroundings (Stealth+).
Your rubbery body absorbs attacks. (AC +1, EV +1)
You are stealthy while swimming. (Stealth+)
You have tentacles for arms and can constrict up to eight enemies at once.


Message History

The orc priest shouts!
The orc wizard shouts!
The orc priest invokes the aid of Beogh against you.
Beogh smites you!
Things that are here:
a +0 scale mail; a +0 whip; an orc skeleton
Things that are here:
a +5 whip of pain; an orc skeleton
Casting: Wereblood (safe; 13% risk of failure)
Confirm with . or Enter, or press ? or * to list all spells.
One of your tentacles grows a vicious spike.
You start resting.
An orc priest is nearby!
Things that are here:
a +5 whip of pain; an orc skeleton The orc wizard misses you.
The orc priest hits you with a +0 hand axe.
Things that are here:
a +0 scale mail; a +0 whip; an orc skeleton You completely miss the orc priest.
You grab the orc priest.
You pierce the orc priest.
The orc priest is lightly wounded.
You constrict the orc priest. The orc wizard closely misses you.
The orc priest misses you.
You tentacle-slap the orc priest.
The orc priest is moderately wounded.
You constrict the orc priest. The orc wizard barely misses you.
The orc priest hits you with a +0 hand axe!
You tentacle-slap the orc priest but do no damage.
You squeeze the orc priest!
The orc priest is almost dead.
You constrict the orc priest, but do no damage.
The orc wizard hits you with a +0 dagger.
The orc priest mumbles some strange prayers to Beogh against you.
Pain shoots through your body!
* * * LOW HITPOINT WARNING * * *
You tentacle-slap the orc priest.
You kill the orc priest!
The orc wizard gestures at you while chanting.
The magic dart hits you!
You die...

....#o.......o....#
###.#oo.o.........#
#.##..#...#.....#
###.###... #)#
.....####### #.#
####........ #.#
#......## #.#
#..#.#.# #o#
####..#<#.######@#
............)..))#
####......)......#
#.#...######.##
##.#[### #.# #..#[#
#.# #.##.## #.#
#.#...#######.##
###..............#


You could see an orc wizard.

Vanquished Creatures
  2 orc priests (D:2)
  An orc wizard (D:2)
  An adder (D:2)
  A shadow imp (D:2)
  2 oozes (D:1)
  A worm (D:2)
  A dart slug (D:1)
  5 orcs (D:2)
  3 giant cockroaches
  5 hobgoblins (D:2)
  9 jackals (D:2)
  3 kobolds
  A quokka (D:2)
  5 bats
  A frilled lizard (D:2)
  4 goblins
  3 rats
48 creatures vanquished.

Notes
Turn   | Place    | Note
-------+----------+-------------------------------------------
     0 | D:1      | tilp the Octopode Transmuter began the quest for the Orb.
     0 | D:1      | Reached XP level 1. HP: 13/13 MP: 3/3
    56 | D:1      | Reached skill level 1 in Stealth
    63 | D:1      | Reached skill level 2 in Stealth
    69 | D:1      | Reached XP level 2. HP: 14/18 MP: 5/5
   185 | D:1      | Reached skill level 3 in Stealth
   549 | D:1      | Learned a level 2 spell: Wereblood
   789 | D:2      | Reached XP level 3. HP: 17/23 MP: 3/6
   793 | D:2      | Reached skill level 4 in Stealth
  1641 | D:2      | Reached XP level 4. HP: 27/30 MP: 5/7
  2469 | D:2      | Reached XP level 5. HP: 13/37 MP: 2/8
  2804 | D:2      | Killed from afar by an orc wizard

Illustrated notes

Levels and vault maps discovered:
D:1:      eino_arrival_druids_welcome, layout_rooms
D:2:      cheibrodos_pilgrimage, layout_loops_ring, minmay_pentomino_q2

Skill      XL: |  1  2  3  4 |
---------------+-------------+-----
Stealth        | 2 3 4 |  4.0
Fighting       | 2 3 |  3.9
Dodging        | |  2.0
Unarmed Combat | |  3.0
Spellcasting   | |  2.0
Transmutations | |  2.0

Action                   |  1- 3 |  4- 6 || total
-------------------------+-------+-------++-------
Melee: Unarmed           |    67 |    45 ||   112
       Constrict         |    19 |    12 ||    31
       Tentacles         |    12 |    16 ||    28
       Punch             |     3 |     1 ||     4
       Kick              |    13 |    14 ||    27
Throw: Boomerang         |     1 |     1 ||     2
 Cast: Beastly Appendage |    18 |     8 ||    26
       Wereblood         |     4 |     5 ||     9
  Use: Scroll            |     2 |       ||     2
       Potion            |       |     1 ||     1
 Stab: Sleeping          |     5 |     1 ||     6
       Distracted        |     1 |       ||     1
Armor: Skin              |     5 |     3 ||     8
Dodge: Dodged            |    24 |    22 ||    46

Table legend: (Time is in decaauts)
 A = Elapsed time spent in this place.
 B = Non-inter-level travel time spent in this place.
 C = Inter-level travel time spent in this place.
 D = Time resting spent in this place.
 E = Time spent auto-exploring this place.
 F = Levels seen in this place.
 G = Mean time per level.
                   A        B        C        D        E       F      G
               +--------+--------+--------+--------+--------+-----+--------+
         Total |   2800 |   2677 |    123 |    933 |   1219 |   2 | 1400.0 |
       Dungeon |   2800 |   2677 |    123 |    933 |   1219 |   2 | 1400.0 |
               +--------+--------+--------+--------+--------+-----+--------+

Top non-repeatable levels by time:
     D:2: 1527 daAuts
     D:1: 1273 daAuts
